 Dungeon Crawl Stone Soup version 0.26-a0-651-gb41185065b (console) character file.

Game seed: 1700123497194689968

11 om the Covered (level 2, -6/27 HPs)
             Began as a Deep Dwarf Fighter on Sept 29, 2020.
             Engulfed by a cloud of flame (23 damage)
             ... on level 1 of the Dungeon.
             The game lasted 00:02:12 (533 turns).

om the Covered (Deep Dwarf Fighter)                  Turns: 533, Time: 00:02:12

Health: -6/27      AC:  6    Str: 19    XL:     2   Next: 17%
Magic:  2/2        EV:  7    Int:  8    God:
Gold:   57         SH:  9    Dex: 12    Spells: 1/1 levels left

rFire    x . .     SeeInvis .   a - +0 war axe
rCold    + . .     Faith    .   c - +0 kite shield
rNeg     . . .     Spirit   .   b - +0 scale mail
rPois    .         Reflect  .   (no helmet)
rElec    .         Harm     .   (no cloak)
rCorr    .         Rampage  .   (no gloves)
MR       .....                  (no boots)
Stlth    ..........             (no amulet)
HPRegen  0.00/turn              h - ring of ice
MPRegen  0.08/turn              (no ring)

@: non-regenerating
A: damage resistance, heal wounds, sense surroundings 1, no regeneration
a: Heal Wounds


You were on level 1 of the Dungeon.
You visited 1 branch of the dungeon, and saw 1 of its levels.

You collected 57 gold pieces.

Inventory:

Hand Weapons
 a - a +0 war axe (weapon)
Armour
 b - a +0 scale mail (worn)
 c - a +0 kite shield (worn)
Jewellery
 h - a ring of ice (left hand)
Scrolls
 f - a scroll of amnesia {unknown}
 g - a scroll of remove curse {unknown}
 k - 3 scrolls of identify {unknown}
 n - a scroll of random uselessness {unknown}
Potions
 d - a potion of might
 e - a potion of flight {unknown}
 i - 2 potions of berserk rage {unknown}
 j - a potion of stabbing {unknown}
 l - 2 potions of degeneration {unknown}
 m - a potion of mutation {unknown}


   Skills:
 + Level 2.8 Fighting
 * Level 2.4 Axes
 + Level 3.4 Armour
 * Level 1.0 Dodging
 + Level 3.3 Shields


You had one spell level left.
You didn't know any spells.
Your spell library was empty.

Dungeon Overview and Level Annotations

Branches:
Dungeon (1/15)

Altars:


Innate Abilities, Weirdness & Mutations

You are resistant to damage.
You can heal yourself by infusing magical energy.
You passively map a small area around you.
You do not regenerate.


Message History

You barely miss the goblin. The goblin closely misses you.
You block the goblin's attack.
You barely miss the goblin. You block the goblin's attack.
You hit the goblin.
You kill the goblin!
Your Dodging skill increases to level 1!
There is an open door here.
Things that are here:
a cursed -2 dagger; a goblin corpse As you open the door, it creaks loudly!
There is an open door here.
Press: ? - help, v - describe, . - travel The floor.
Really walk into a travel-excluded area?
Press: ? - help, v - describe, . - travel Some lava.
There is a cloud of black smoke here.
Why would you want to do that?
You are engulfed in blazing flames.
Ouch! That really hurt!
You die...

.........# #.# #..# ########.#
#######.###.(# #.#
###............# #
########.#######...#####.###..# #
..............##.#.# #.# #.## #
########.###.###.######### #.# #
######.###)#...........# #.# #
#...(....#.#...........# #.# #
#.##.#..##+#.#○.#..#...# #.# #
#.##.#.....+.○○§.....(.# #.# #
#.##.#..####.8@§.§....<# #.# #
#.##.#.....'.§≈§^......# #.# #
###.##.#.###)#.#§§#..#...# #.# #
.........###.#...........# #.# #
...........#+#...........# #.# #
.##..#.####..###.###########.####
.........##......[...#...........
........(..>..####.#####.....####
...................# #..####
........##.#..###### #..#
......#.##.#..# #..#


There were no monsters in sight!

Vanquished Creatures
  A giant cockroach (D:1)
  2 goblins (D:1)
  A hobgoblin (D:1)
  5 kobolds (D:1)
  2 rats (D:1)
11 creatures vanquished.

Notes
Turn   | Place    | Note
-------+----------+-------------------------------------------
     0 | D:1      | om the Deep Dwarf Fighter began the quest for the Orb.
     0 | D:1      | Reached XP level 1. HP: 20/20 MP: 1/1
   319 | D:1      | Reached XP level 2. HP: 17/27 MP: 2/2
   527 | D:1      | Reached skill level 1 in Dodging
   533 | D:1      | Engulfed by a cloud of flame

Illustrated notes

Levels and vault maps discovered:
D:1:      shiori_arrival_oz, layout_loops_ring, minmay_tree_intersection

Skill      XL: |  1  2 |
---------------+-------+-----
Dodging        | 1 |  1.0
Fighting       | |  2.8
Axes           | |  2.4
Armour         | |  3.4
Shields        | |  3.3

Action                   || total
-------------------------++-------
Melee: War axe           ||    53
Armor: Scale mail        ||    23
Dodge: Dodged            ||    16
Block: Kite shield       ||    25

Table legend: (Time is in decaauts)
 A = Elapsed time spent in this place.
 B = Non-inter-level travel time spent in this place.
 C = Inter-level travel time spent in this place.
 D = Time resting spent in this place.
 E = Time spent auto-exploring this place.
 F = Levels seen in this place.
 G = Mean time per level.
                   A        B        C        D        E       F      G
               +--------+--------+--------+--------+--------+-----+--------+
         Total |    557 |    557 |      0 |      0 |    417 |   1 |  557.0 |
       Dungeon |    557 |    557 |      0 |      0 |    417 |   1 |  557.0 |
               +--------+--------+--------+--------+--------+-----+--------+

Top non-repeatable levels by time:
     D:1: 557 daAuts
